 Dungeon Crawl Stone Soup version 0.22-a0-617-g6d95e9e (webtiles) character file.

539 davidchitty the Cudgeler (level 7, 1/61 HPs)
             Began as a Minotaur Fighter on July 12, 2018.
             Was a Follower of Makhleb.
             Quit the game on level 4 of the Dungeon.
             The game lasted 00:08:27 (2681 turns).

davidchitty the Cudgeler (Minotaur Fighter)         Turns: 2681, Time: 00:08:28

Health: 1/61       AC: 13    Str: 26    XL:     7   Next: 5%
Magic:  7/7        EV:  6    Int:  5    God:    Makhleb [*.....]
Gold:   241        SH: 10    Dex:  9    Spells: 6/6 levels left

rFire    . . .     SeeInvis .   a - +1 flail
rCold    + . .     Gourm    .   c - +0 shield
rNeg     . . .     Faith    .   h - +0 chain mail
rPois    .         Spirit   .   u - +2 hat
rElec    .         Reflect  .   (no cloak)
rCorr    .         Harm     .   p - +1 pair of gloves (curse)
MR       .....                  (no boots)
Stlth    ..........             (no amulet)
HPRegen  0.20/turn              r - +3 ring of strength
MPRegen  0.10/turn              n - ring of protection from cold

@: mildly poisoned (1 -> 1), drained
A: retaliatory headbutt, horns 2
a: Renounce Religion


You were on level 4 of the Dungeon.
You worshipped Makhleb.
Makhleb was aware of your devotion.
You were not hungry.

You visited 1 branch of the dungeon, and saw 4 of its levels.
You also visited: Sewer.

You collected 241 gold pieces.

Inventory:

Hand Weapons
 a - a +1 flail (weapon)
Armour
 c - a +0 shield (worn)
 h - a +0 chain mail (worn)
 p - a cursed +1 pair of gloves (worn)
 u - a +2 hat (worn)
Jewellery
 n - a ring of protection from cold (right hand)
 q - an uncursed ring of flight
 r - a +3 ring of strength (left hand)
Wands
 t - a wand of clouds (2)
Scrolls
 e - 3 scrolls of remove curse
 m - 2 scrolls of teleportation
Potions
 b - a potion of curing
 d - a potion of might
 l - a potion of heal wounds
 o - a potion of mutation
 s - a potion of lignification
 v - 2 potions of berserk rage {unknown}
 w - 2 potions of haste
 z - 2 potions of magic {unknown}
 A - a potion of agility {unknown}
Comestibles
 f - 13 rations


   Skills:
 + Level 5.2(4.8) Fighting
 * Level 6.0(5.6) Maces & Flails
 + Level 5.2(4.8) Armour
 + Level 5.2(4.8) Shields
 + Level 1.8(1.4) Invocations


You had 6 spell levels left.
You didn't know any spells.
Your spell library was empty.

Dungeon Overview and Level Annotations

Branches:
Dungeon (4/15)
 Temple: D:4-7

Altars:
Elyvilon
Makhleb
Nemelex Xobeh
Wu Jian
Zin


Innate Abilities, Weirdness & Mutations

You reflexively headbutt those who attack you in melee.
You have a pair of horns on your head.


Message History

You hear a shout! x2
You block the orc wizard's attack.
Okay, then.
You closely miss the orc wizard.
The orc wizard hits you but does no damage. x2
You hit the orc wizard.
The orc wizard is moderately wounded.
You feel sick. You block the orc wizard's attack. You block the orc's attack.
The orc wizard gestures at you while chanting.
The puff of flame hits you!
* * * LOW HITPOINT WARNING * * *
You hit the orc wizard.
The orc wizard is heavily wounded.
A centaur comes into view.
The orc wizard gestures at you while chanting.
The puff of flame hits you!
An ogre comes into view. It is wielding a giant club.
You block the orc's attack.
The orc wizard hits you but does no damage.
Are you sure you want to abandon this character and quit the game? (Confirm with "yes".)

....# ......#
.....#### .........
........$ . #........
....##########........
.....co@ocaoo.........
.....########O........
... #......... .
##........ #........
#........ .........
......#.. ยง......#..


You could see an ogre, 2 centaurs, a worker ant, 2 orc priests, an orc wizard
and an orc.

Vanquished Creatures
  A hippogriff (D:3)
  A crocodile (Sewer)
  4 orc wizards
  Terence (D:2)
  6 adders
  A river rat (D:3)
  An ooze (D:3)
  A worm (D:2)
  4 dart slugs
  A leopard gecko (D:3)
  2 orcs
  10 bats
  3 giant cockroaches
  2 goblins
  8 hobgoblins
  8 jackals
  A quokka (D:2)
  5 ball pythons
  5 frilled lizards
  5 kobolds
  4 rats
74 creatures vanquished.

Notes
Turn   | Place    | Note
-------+----------+-------------------------------------------
     0 | D:1      | davidchitty the Minotaur Fighter began the quest for the Orb.
     0 | D:1      | Reached XP level 1. HP: 19/19 MP: 0/0
   447 | D:1      | Reached XP level 2. HP: 27/27 MP: 1/1
   694 | D:2      | Reached skill level 3 in Maces & Flails
   694 | D:2      | Reached XP level 3. HP: 33/33 MP: 2/2
   701 | D:2      | Reached XP level 4. HP: 40/40 MP: 3/3
   717 | D:2      | Reached skill level 4 in Maces & Flails
   951 | D:2      | Found an ornate altar of the Wu Jian Council.
   993 | D:2      | Noticed Terence
  1002 | D:2      | Killed Terence
  1062 | D:2      | Reached XP level 5. HP: 47/47 MP: 4/4
  1211 | D:2      | Found a burning altar of Makhleb.
  1211 | D:2      | Found a glowing silver altar of Zin.
  1212 | D:2      | Noticed an angel
  1212 | D:2      | Noticed an Executioner
  1248 | D:2      | Became a worshipper of Makhleb the Destroyer
  1451 | D:3      | Found a white marble altar of Elyvilon.
  1464 | D:3      | Found a sparkling altar of Nemelex Xobeh.
  1469 | D:3      | Noticed a hippogriff
  1482 | D:3      | Killed a hippogriff
  1482 | D:3      | Reached skill level 5 in Maces & Flails
  1482 | D:3      | Reached skill level 5 in Shields
  1482 | D:3      | Reached skill level 1 in Invocations
  1482 | D:3      | Reached XP level 6. HP: 21/55 MP: 5/5
  1544 | D:3      | Reached skill level 5 in Fighting
  1547 | D:3      | Reached skill level 5 in Armour
  1572 | D:3      | Found a glowing drain.
  1582 | Sewer    | Entered a sewer
  1833 | D:3      | Reached * piety under Makhleb
  2670 | D:4      | Reached XP level 7. HP: 36/61 MP: 7/7
  2677 | D:4      | Reached skill level 6 in Maces & Flails
  2679 | D:4      | HP: 1/61 [orc wizard/puff of flame (10)]
  2681 | D:4      | Quit the game

Vault maps used:
D:1:      dpeg_arrival_rhombi
D:2:      grunt_temple_overflow_order_and_chaos_2,
          nicolae_overflow_hidden_temple, uniq_terence
D:3:      nicolae_overflow_crystal_walls, nemelex_xobeh_ov_fountains_minmay,
          portal_sewer_entry_b
D:4:      nicolae_ru_the_path_less_chosen, serial_shops, shop, uniq_robin
Sewer:    sewer_big_baddie

Skill      XL: |  1  2  3  4  5  6  7 |
---------------+----------------------+-----
Fighting       | 4 5 |  5.2
Maces & Flails | 3 4 5 6 |  6.0
Armour         | 4 5 |  5.2
Shields        | 4 5 |  5.2
Invocations    | 1 |  1.8

Action                   |  1- 3 |  4- 6 |  7- 9 || total
-------------------------+-------+-------+-------++-------
Melee: Flail             |    56 |   156 |     5 ||   217
       Headbutt          |     8 |    28 |     2 ||    38
  Use: Scroll            |     1 |    10 |       ||    11
  Eat: Chunk             |       |     6 |       ||     6
Armor: Scale mail        |    36 |    22 |       ||    58
       Chain mail        |       |    72 |     5 ||    77
Dodge: Dodged            |    24 |    48 |       ||    72
Block: Shield            |    44 |    97 |     5 ||   146

Table legend:
 A = Spawn XP
 B = Non-spawn XP
 C = Spawn XP percentage of total XP
 D = Spawn monster count
 E = Non-spawn monster count
 F = Spawn count percentage of total count
 G = Total turns spent on level
                    A         B        C        D         E        F      G
               +---------+---------+-------+---------+---------+-------+---------
         Total |       0 |     770 |   0.0 |       0 |      74 |   0.0 |  2681
               +---------+---------+-------+---------+---------+-------+---------
           D:1 |       0 |      14 |   0.0 |       0 |      10 |   0.0 |   648
           D:2 |       0 |     231 |   0.0 |       0 |      33 |   0.0 |   795
           D:3 |       0 |     356 |   0.0 |       0 |      22 |   0.0 |   967
           D:4 |       0 |      52 |   0.0 |       0 |       3 |   0.0 |    42
         Sewer |       0 |     117 |   0.0 |       0 |       6 |   0.0 |   229
               +---------+---------+-------+---------+---------+-------+---------
